 Dungeon Crawl Stone Soup version 0.28-a0-305-g9e858e973b (webtiles) character file.

Game seed: 6168458445935738828

126602 FilthyApe the Shatterer (level 16, -12/150 HPs)
             Began as a Minotaur Fighter on Aug 30, 2021.
             Was an Initiate of Gozag.
             Mangled by a naga warrior (34 damage)
             ... on level 3 of the Snake Pit.
             The game lasted 01:06:29 (34865 turns).

FilthyApe the Shatterer (Minotaur Fighter)         Turns: 34865, Time: 01:06:31

Health: -12/150    AC: 27    Str: 26    XL:     16   Next: 44%
Magic:  0/15       EV:  3    Int:  5    God:    Gozag
Gold:   1250       SH: 19    Dex: 16    Spells: 15/15 levels left

rFire   . . .      SeeInvis +   a - +2 morningstar (drain)
rCold   + . .      Faith    .   L - +0 tower shield
rNeg    . . .      Spirit   +   N - +2 plate armour {rC+}
rPois   +          Reflect  .   (helmet restricted)
rElec   +          Harm     .   e - +0 cloak
rCorr   +          Rampage  +   K - +3 pair of gauntlets of War {Slay+5}
Will    +++..                   c - +0 pair of boots of the Disturbing Teeth {Rampage Drain Fly Will++ rCorr}
Stlth   ..........              j - amulet "Xias Nio" {Spirit Drain rElec Dex+4 Slay+4}
HPRegen 0.35/turn               A - ring of see invisible
MPRegen 0.14/turn               r - ring of poison resistance

@: lethally poisoned (-12 -> -15), gold aura, flying, constricted
A: horns 2, retaliatory headbutt
a: Renounce Religion, Potion Petition, Call Merchant, Bribe Branch


You were on level 3 of the Snake Pit.
You worshipped Gozag.
Gozag was most pleased with you.
You visited 5 branches of the dungeon, and saw 26 of its levels.
You also visited: Sewer and Gauntlet.

You collected 10087 gold pieces.
You spent 2355 gold pieces at shops.
You paid 6482 gold pieces to Gozag.

Inventory:

Hand Weapons
 a - a +2 morningstar of draining (weapon)
Missiles
 s - 3 javelins (quivered)
 H - a throwing net
Armour
 c - the +0 pair of boots of the Disturbing Teeth (worn) {Rampage Drain Fly Will++ rCorr}
   (You found it in a Gauntlet)

   Fly:       It grants you flight.
   rCorr:     It protects you from acid and corrosion.
   Drain:     It drains your maximum health when unequipped.
   Rampage:   It bestows one free step when moving towards enemies.
   Will:      It greatly increases your willpower.
 e - a +0 cloak (worn)
 K - the +3 pair of gauntlets of War (worn) {Slay+5}
   (You bought it in a shop on level 12 of the Dungeon)

   Slay:      It affects your accuracy & damage with ranged weapons and melee
   (+5).
 L - a +0 tower shield (worn)
 N - a +2 plate armour of cold resistance (worn)
Jewellery
 g - a +4 ring of slaying
 j - the amulet "Xias Nio" (around neck) {Spirit Drain rElec Dex+4 Slay+4}
   (You bought it in a shop on level 11 of the Dungeon)

   [amulet of guardian spirit]

   It causes incoming damage to be divided between your reserves of health and
   magic.
   Dex:       It affects your dexterity (+4).
   Slay:      It affects your accuracy & damage with ranged weapons and melee
   (+4).
   rElec:     It insulates you from electricity.
   Drain:     It drains your maximum health when unequipped.
 r - a ring of poison resistance (right hand)
 A - a ring of see invisible (left hand)
 G - a ring of protection from fire
 J - a ring of protection from fire
Wands
 b - a wand of iceblast (38)
 i - a wand of flame (92)
 p - a wand of digging (11)
 B - a wand of mindburst (5)
 C - a wand of charming (34)
 E - a wand of paralysis (8)
 F - a wand of acid (28)
Scrolls
 d - a scroll of silence
 h - a scroll of amnesia
 m - 3 scrolls of fog
 n - 10 scrolls of teleportation
 o - 3 scrolls of enchant armour
 q - 5 scrolls of enchant weapon
 v - a scroll of magic mapping
 w - 12 scrolls of identify
 x - 4 scrolls of brand weapon
 y - a scroll of blinking
 M - a scroll of holy word
Potions
 f - 8 potions of curing
 k - 3 potions of heal wounds
 l - 14 potions of ambrosia
 t - 9 potions of flight
 u - 3 potions of invisibility
 z - 3 potions of brilliance
 D - 2 potions of haste
 I - 2 potions of berserk rage


   Skills:
 + Level 15.6 Fighting
 + Level 21.2 Maces & Flails
 + Level 15.6 Armour
 + Level 15.7 Shields


You had 15 spell levels left.
You didn't know any spells.
Your spell library contained the following spells:

 Spells                   Type           Power      Damage    Failure   Level
 Animate Skeleton         Necr           0%         N/A       100%        1
 Apportation              Tloc           0%         N/A       100%        1
 Corona                   Hex            0%         N/A       100%        1
 Foxfire                  Conj/Fire      0%         2x1d4     100%        1
 Summon Small Mammal      Summ           0%         N/A       100%        1
 Blink                    Tloc           N/A        N/A       100%        2
 Corpse Rot               Necr/Air       N/A        N/A       100%        2
 Ensorcelled Hibernation  Hex/Ice        0%         N/A       100%        2
 Poisonous Vapours        Pois/Air       0%         N/A       100%        2
 Conjure Flame            Conj/Fire      0%         6-21      100%        3
 Dazzling Flash           Conj/Hex       0%         N/A       100%        3
 Frozen Ramparts          Ice            0%         1d2       100%        3
 Inner Flame              Hex/Fire       0%         N/A       100%        3
 Lesser Beckoning         Tloc           0%         N/A       100%        3
 Ozocubu's Armour         Ice            0%         N/A       100%        3
 Spider Form              Tmut/Pois      0%         N/A       100%        3
 Ice Form                 Ice/Tmut       0%         N/A       100%        4
 Summon Ice Beast         Ice/Summ       0%         N/A       100%        4
 Agony                    Necr           0%         N/A       100%        5
 Fireball                 Conj/Fire      0%         3d3       100%        5
 Freezing Cloud           Conj/Ice/Air   0%         6-21      100%        5
 Iskenderun's Battlesphe  Conj           0%         2d6       100%        5
 Manifold Assault         Tloc           0%         N/A       100%        5
 Silence                  Hex/Air        0%         N/A       100%        5
 Summon Mana Viper        Hex/Summ       0%         N/A       100%        5
 Iron Shot                Conj/Erth      0%         9d1       100%        6
 Starburst                Conj/Fire      0%         6d3       100%        6
 Monstrous Menagerie      Summ           0%         N/A       100%        7
 Ozocubu's Refrigeration  Ice            0%         4d5       100%        7
 Spellforged Servitor     Conj/Summ      0%         N/A       100%        7
 Ignition                 Fire           0%         3d3       100%        8


Dungeon Overview and Level Annotations

Branches:
Dungeon (15/15)            Temple (1/1) D:7            Lair (5/6) D:9
 Shoals (0/4) Lair:3        Snake (3/4) Lair:2        Slime (0/5) Lair:5
    Orc (2/2) D:11            Elf (0/3) Orc:2        Vaults (0/5) D:13
 Depths (0/5) D:15          Sewer (visited)         Gauntlet (visited)

Altars:
Ashenzari
Cheibriados
Dithmenos
Elyvilon
Fedhas
Gozag
Hepliaklqana
Kikubaaqudgha
Makhleb
Nemelex Xobeh
Okawaru
Qazlal
Ru
Sif Muna
Trog
Uskayaw
Vehumet
Wu Jian
Xom
Yredelemnul
Zin
The Shining One
Beogh
Jiyva

Shops:
D:3 !   D:9 *(   D:11 =   D:12 [   D:15 (   Orc:2 ??(:   Lair:2 [   Lair:4 (
Snake:2 *:==

Portals:
Trove: D:10 (give horn of Geryon)

Annotations:
Lair:1 exclusion: oklob plant
Lair:5 Sonja


Innate Abilities, Weirdness & Mutations

You have a pair of horns on your head.
You reflexively headbutt those who attack you in melee.


Message History

You puncture the guardian serpent! You drain the guardian serpent.
You headbutt the guardian serpent!
The guardian serpent is heavily wounded.
The naga warrior hits you but does no damage.
The naga warrior constricts you. You block the naga warrior's attack.
You block the guardian serpent's attack.
Unknown command.
Unknown command.
You puncture the guardian serpent! You drain the guardian serpent.
You kill the guardian serpent!
You block the naga warrior's attack. The naga warrior constricts you.
The naga warrior hits you with a +0 hand axe!!
* * * LOW HITPOINT WARNING * * *
Unknown command.
Unknown command.
You hit the naga. You drain the naga.
The naga is no longer distracted by gold.
You headbutt the naga!
The naga is heavily wounded.
The naga warrior spits poison at you.
The splash of poison hits you but does no damage.
You resist. The naga warrior constricts you.
* * * LOW HITPOINT WARNING * * *
You block the naga warrior's attack. The naga spits poison at you.
The splash of poison hits you but does no damage.
You are poisoned.
You resist.
You impale the naga!!
You kill the naga!
You feel sick. You block the naga warrior's attack. x2
The naga warrior constricts you.
You spit the naga warrior like a pig!!!
The naga warrior is moderately wounded.
You feel sick. You block the naga warrior's attack.
The naga warrior constricts you.
* * * LOW HITPOINT WARNING * * *
The naga warrior hits you with a +0 hand axe!!!
You die...
Your body crumbles into a pile of gold.

# . ### .. ####. ##.
##.####.. ..(..## #.#
####...#....
.......##.###...........
..........##............
..........#...........#
.........#............#
......N$.##..........###
......N@..##..#..#....#.
.......$..###.#####.....
..........###.######....
.........##.........#...
#........# ..........#..
##........ ..........##.
###....## ..........##.
....## ............##
.............


You could see 2 naga warriors.

Vanquished Creatures
  A minotaur (Gauntlet)
  A fire dragon (D:15)
  8 hydras
  An ice dragon (D:15)
  3 naga warriors
  A catoblepas (Lair:3)
  A hell beast (Gauntlet)
  5 boulder beetles
  4 vault guards (D:13)
  2 ogre magi
  12 centaur warriors
  15 two-headed ogres
  3 anacondas
  A death knight (D:12)
  2 shock serpents (Snake:2)
  2 naga sharpshooters
  A tengu warrior (D:12)
  A deep elf knight (D:13)
  A salamander mystic (Snake:2)
  4 skeletal warriors (D:13)
  2 glowing orange brains (Gauntlet)
  4 naga ritualists
  6 deep elf pyromancers
  2 orc knights
  A lindwurm (Lair:5)
  A wizard (D:13)
  12 cyclopes
  22 ugly things
  5 mana vipers
  A manticore (shapeshifter) (D:13)
  11 orc sorcerers
  5 manticores
  18 black mambas
  Joseph (D:10)
  7 salamanders
  11 elephants
  Maurice (D:8)
  A guardian serpent (Snake:3)
  5 naga magi
  4 gargoyles
  A torpor snail (Gauntlet)
  5 cane toads
  8 komodo dragons
  A freezing wraith (D:12)
  3 rime drakes
  4 kobold demonologists
  An unseen horror (D:12)
  2 efreet
  10 trolls
  2 tengu conjurers
  2 trolls (shapeshifter)
  2 polar bears
  A queen bee (Lair:1)
  4 hornets
  A hornet (shapeshifter) (D:15)
  7 dream sheep (Lair:2)
  4 blink frogs (Lair:2)
  18 slime creatures
  2 centaur simulacra (D:12)
  A snapping turtle (Lair:3)
  4 wraiths
  A vampire (D:12)
  5 shadows
  33 yaks
  5 wyverns
  2 steam dragons
  3 basilisks
  4 vampire mosquitoes
  2 wargs (Orc:2)
  16 nagas
  2 acid dragons
  12 water moccasins
  Duvessa (D:7)
  2 hell hounds (Gauntlet)
  11 orc warriors
  A sky beast (shapeshifter) (D:11)
  2 sky beasts
  8 wolves
  16 centaurs
  7 ogres
  A boggart (D:11)
  2 necrophages
  4 kobold brigands
  8 bullfrogs
  3 gnoll sergeants
  Dowan (D:7)
  A wyvern skeleton (D:7)
  5 wights (D:8)
  45 killer bees
  A howler monkey (D:8)
  3 centaur zombies
  A centaur skeleton (D:5)
  2 orc priests
  A gnoll shaman (D:7)
  A bullfrog skeleton (D:5)
  3 hounds
  2 jellies (D:6)
  Jessica (D:2)
  An iguana (D:4)
  A merfolk siren (Sewer)
  27 orc wizards
  A scorpion zombie (D:5)
  A merfolk avatar (Sewer)
  A howler monkey zombie (D:8)
  11 gnolls
  2 howler monkey skeletons (D:5)
  13 adders
  4 river rats (Sewer)
  2 shadow imps
  2 white imps (D:7)
  2 worms
  4 dart slugs
  45 orcs
  11 ball pythons
  10 endoplasms
  10 giant cockroaches
  4 goblins
  8 hobgoblins
  2 jackals (D:2)
  18 kobolds
  3 quokkas
  6 bats
  5 frilled lizards
  36 rats
720 creatures vanquished.

Vanquished Creatures (others)
  An orc wizard (Orc:2)
  16 demonic plants (Gauntlet)
  A fungus (Lair:2)
  53 plants
71 creatures vanquished.

Grand Total: 791 creatures vanquished

Notes
Turn   | Place    | Note
-------+----------+-------------------------------------------
     0 | D:1      | FilthyApe the Minotaur Fighter began the quest for the Orb.
     0 | D:1      | Reached XP level 1. HP: 19/19 MP: 0/0
    39 | D:1      | Reached skill level 3 in Maces & Flails
   147 | D:1      | Reached XP level 2. HP: 26/26 MP: 1/1
   466 | D:1      | Reached skill level 4 in Maces & Flails
   546 | D:1      | Reached XP level 3. HP: 31/31 MP: 2/2
  1347 | D:2      | Noticed Jessica
  1373 | D:2      | Killed Jessica
  1374 | D:2      | Reached skill level 5 in Maces & Flails
  1374 | D:2      | Reached XP level 4. HP: 32/39 MP: 3/3
  1656 | D:2      | Found a faded altar of an unknown god.
  2229 | D:3      | Found Coemmiskoe's Distillery.
  2236 | D:3      | Bought a potion of degeneration for 14 gold pieces
  2236 | D:3      | Bought a potion of heal wounds for 70 gold pieces
  2245 | D:3      | Reached skill level 6 in Maces & Flails
  2288 | D:3      | Found a hide-covered altar of Uskayaw.
  2885 | D:4      | Reached XP level 5. HP: 42/45 MP: 4/4
  3589 | D:5      | Entered Level 5 of the Dungeon
  3599 | D:5      | Reached skill level 7 in Maces & Flails
  3685 | D:5      | Reached XP level 6. HP: 48/51 MP: 5/5
  3734 | D:5      | Reached skill level 8 in Maces & Flails
  4109 | D:5      | Noticed a sky beast
  4131 | D:5      | Killed a sky beast
  4132 | D:5      | Reached XP level 7. HP: 43/60 MP: 6/6
  4888 | D:6      | Found a glowing drain.
  4900 | Sewer    | Entered a sewer
  5473 | D:6      | Reached skill level 5 in Armour
  5501 | D:6      | Reached skill level 5 in Fighting
  5501 | D:6      | Reached skill level 5 in Shields
  5544 | D:6      | Found a sparkling altar of Nemelex Xobeh.
  5545 | D:6      | Found a broken altar of Ashenzari.
  5710 | D:6      | Reached skill level 9 in Maces & Flails
  5710 | D:6      | Reached XP level 8. HP: 43/69 MP: 7/7
  6190 | D:7      | Noticed Duvessa
  6194 | D:7      | Noticed Dowan
  6208 | D:7      | Killed Duvessa
  6214 | D:7      | Killed Dowan
  6892 | D:7      | Reached XP level 9. HP: 30/78 MP: 8/8
  7520 | D:7      | Found a staircase to the Ecumenical Temple.
  7530 | Temple   | Entered the Ecumenical Temple
  7866 | Temple   | Became a worshipper of Gozag Ym Sagoz the Greedy
  8003 | D:8      | Reached skill level 10 in Maces & Flails
  9397 | D:8      | Noticed Maurice
  9415 | D:8      | Killed Maurice
  9845 | D:9      | Found a staircase to the Lair.
  9854 | D:8      | Reached skill level 11 in Maces & Flails
  9950 | D:9      | Reached XP level 10. HP: 75/90 MP: 9/9
 10378 | D:9      | Found Isene's General Store.
 10492 | D:9      | Noticed a two-headed ogre
 10501 | D:9      | Killed a two-headed ogre
 10645 | D:9      | Noticed a two-headed ogre
 10658 | D:9      | Killed a two-headed ogre
 10948 | D:9      | Reached skill level 10 in Armour
 10955 | D:9      | Reached skill level 12 in Maces & Flails
 10955 | D:9      | Reached skill level 10 in Shields
 11325 | D:10     | Entered Level 10 of the Dungeon
 11325 | D:10     | Noticed a two-headed ogre
 11363 | Lair:1   | Entered Level 1 of the Lair of Beasts
 11376 | D:9      | Reached skill level 10 in Fighting
 11426 | D:9      | Reached XP level 11. HP: 72/99 MP: 10/10
 11816 | Lair:1   | Noticed a six-headed hydra
 11831 | Lair:1   | Killed a six-headed hydra
 12203 | Lair:1   | Noticed an oklob plant
 13457 | Lair:1   | Noticed a five-headed hydra
 13472 | Lair:1   | Killed a five-headed hydra
 14491 | Lair:2   | Reached skill level 13 in Maces & Flails
 14754 | Lair:2   | Noticed a four-headed hydra
 14763 | Lair:2   | Killed a four-headed hydra
 14919 | Lair:2   | Reached skill level 14 in Maces & Flails
 15124 | Lair:2   | Found a staircase to the Snake Pit.
 15157 | Lair:2   | Reached XP level 12. HP: 96/110 MP: 11/11
 15777 | Lair:3   | Reached skill level 15 in Maces & Flails
 15914 | Lair:3   | Noticed a catoblepas
 16105 | Lair:3   | Killed a catoblepas
 16106 | Lair:3   | Reached skill level 16 in Maces & Flails
 16619 | Lair:3   | Reached skill level 17 in Maces & Flails
 17038 | Lair:3   | Noticed a four-headed hydra
 17044 | Lair:3   | Killed a four-headed hydra
 17241 | Lair:3   | Found a staircase to the Shoals.
 17988 | Lair:4   | Reached skill level 18 in Maces & Flails
 17992 | Lair:3   | Reached XP level 13. HP: 116/116 MP: 12/12
 18268 | Lair:4   | Bought a glowing morningstar for 210 gold pieces
 19393 | Lair:5   | Found a staircase to the Slime Pits.
 19393 | Lair:5   | Found a viscous altar of Jiyva.
 19404 | Lair:5   | Noticed Sonja
 20198 | D:10     | Noticed Joseph
 20207 | D:10     | Killed Joseph
 20395 | D:10     | Found a bloodstained altar of Trog.
 20676 | D:10     | Found a portal to a secret trove of treasure.
 20734 | D:11     | Found a staircase to the Orcish Mines.
 20886 | D:11     | Paralysed by a hornet for 1 turns
 21860 | D:11     | Reached skill level 19 in Maces & Flails
 22416 | Orc:1    | Entered Level 1 of the Orcish Mines
 22509 | Orc:2    | Entered Level 2 of the Orcish Mines
 22811 | Orc:2    | Found a staircase to the Elven Halls.
 23038 | Orc:2    | Found Cugadomu's Book Shop.
 23092 | Orc:2    | Found a radiant altar of Vehumet.
 23095 | Orc:2    | Paralysed by an orc sorcerer for 5 turns
 23227 | Orc:2    | Found Cualomme's Magic Scroll Shop.
 23237 | Orc:2    | Found an ancient bone altar of Kikubaaqudgha.
 23270 | Orc:2    | Bought a scroll of enchant armour for 90 gold pieces
 23390 | Orc:2    | Found Hifuimefa's Magic Scroll Shop.
 23417 | Orc:2    | Found Satiad's Antique Weapon Boutique.
 23844 | Orc:2    | Bought a scroll of enchant weapon for 90 gold pieces
 23844 | Orc:2    | Bought a scroll of enchant weapon for 90 gold pieces
 23959 | D:11     | Bought the amulet "Xias Nio" {Spirit Drain rElec Dex+4
                  | Slay+4} for 954 gold pieces
 23995 | D:12     | Reached XP level 14. HP: 110/126 MP: 10/13
 24761 | D:12     | Identified the +0 hunting sling "Tyguozxo" {flame, SInv}
 25582 | D:12     | Identified the +10 war axe "Impbane" {elec, rPois rN+ Int+2
                  | Stlth+}
 25707 | D:12     | Identified the +4 scale mail "Gagetueh" {rPois}
 25973 | D:12     | Bought the +3 pair of gauntlets of War {Slay+5} for 807
                  | gold pieces
 25973 | D:12     | Found the +3 pair of gauntlets of War {Slay+5}
 26311 | D:13     | Reached skill level 20 in Maces & Flails
 27040 | D:13     | Reached XP level 15. HP: 137/137 MP: 14/14
 28177 | D:13     | Found a gate to the Vaults.
 28620 | D:14     | Found a gate leading to a gauntlet.
 28629 | Gauntlet | Entered a Gauntlet
 28629 | Gauntlet | Found a transporter.
 28629 | Gauntlet | Found a transporter.
 28633 | Gauntlet | Found a transporter.
 28636 | Gauntlet | Found a transporter.
 28648 | Gauntlet | Found a transporter.
 28680 | Gauntlet | Found a transporter.
 28715 | Gauntlet | Found a transporter.
 28715 | Gauntlet | Found a transporter.
 28717 | Gauntlet | Found a transporter.
 28721 | Gauntlet | Found a transporter.
 28733 | Gauntlet | Identified the +0 pair of boots of the Disturbing Teeth
                  | {Rampage Drain Fly Will++ rCorr}
 28800 | Gauntlet | Found a transporter.
 28803 | Gauntlet | Found a transporter.
 30085 | D:15     | Entered Level 15 of the Dungeon
 31031 | D:15     | Reached skill level 15 in Armour
 31031 | D:15     | Reached skill level 15 in Shields
 31036 | D:15     | Reached skill level 15 in Fighting
 31365 | D:15     | Found a staircase to the Depths.
 31809 | Snake:1  | Entered Level 1 of the Snake Pit
 32036 | Snake:1  | Reached XP level 16. HP: 103/149 MP: 11/15
 33098 | Snake:1  | Reached skill level 21 in Maces & Flails
 34130 | Snake:2  | Found Soigoilu's Book Shop.
 34130 | Snake:2  | Found Fuse's Jewellery Emporium.
 34131 | Snake:2  | Found Sakh's Jewellery Emporium.
 34270 | Snake:2  | Identified the +2 buckler of the Weaver {Str+6 Stlth-}
 34345 | Snake:2  | HP: 7/149 [anaconda (7)]
 34814 | Snake:2  | Bought a scroll labelled RELEBL OFFASH for 30 gold pieces
 34820 | Snake:2  | Acquired 482 gold pieces
 34865 | Snake:3  | Mangled by a naga warrior

Illustrated notes

Levels and vault maps discovered:
D:1:      lightli_arrival_isolated_outpost, layout_basic,
          minmay_misc_feat_roman, corexii_leaking_fountain
D:2:      layout_basic, shapermc_ecumenical_altar_acropolis,
          kennysheep_generic_room_13, uniq_jessica
D:3:      layout_loops_corners, eat_drink_and_be_merry_uskayaw, serial_shops,
          shop
D:4:      layout_loops_ring, nrook_mini_vaults
D:5:      layout_loops_ring, minmay_crossroads
D:6:      layout_basic, chequers_temple_overflow_statue_of_worship,
          portal_sewer_entry_a
D:7:      layout_gridville, minmay_temple_entry_poolview, uniq_duvessa
D:8:      layout_loops_cross, uniq_maurice
D:9:      layout_irregular_city, lair_entry_dummy, serial_shops, shop_coins,
          minmay_misc_feat_more_columns
D:10:     layout_cave_pools, trog_three_pillars_becter, enter_trove_6,
          billiards_dpeg, uniq_joseph
D:11:     layout_long_grid, david_orc_2
D:12:     minmay_the_grid_square_5x5_5x5 [minmay_the_grid_square_5x5_comb,
          minmay_the_grid_square_5x5_doubleslash,
          minmay_the_grid_square_5x5_half_checkered,
          minmay_the_grid_square_5x5_fat_x,
          minmay_the_grid_square_5x5_checkered_statues,
          minmay_the_grid_square_5x5_checkered,
          minmay_the_grid_square_5x5_prize_itemx, minmay_the_grid_square_5x5_z,
          minmay_the_grid_square_5x5_prize_gold,
          minmay_the_grid_square_5x5_one_wall,
          minmay_the_grid_square_5x5_shuriken,
          minmay_the_grid_square_5x5_two_walls_b,
          minmay_the_grid_square_5x5_prize_junk,
          minmay_the_grid_square_5x5_intrusive_squares,
          minmay_the_grid_square_5x5_dogpile, minmay_the_grid_square_5x5_v,
          minmay_the_grid_square_5x5_prize_rear_guard,
          minmay_the_grid_square_5x5_moneybag,
          minmay_the_grid_square_5x5_prize_deathbox,
          minmay_the_grid_square_5x5_shrine1, minmay_the_grid_square_5x5_mess,
          minmay_the_grid_square_5x5_sharp_hourglass,
          minmay_the_grid_square_5x5_checkered_sparse,
          minmay_the_grid_square_5x5_two_small,
          minmay_the_grid_square_5x5_trominoes], layout_cave_pools
D:13:     layout_small_grid, grunt_vaults_entry_fortified
D:14:     layout_basic, gauntlet_entry_generic, amethyst_killhole,
          minmay_fractal_squares_gapless_5
D:15:     grunt_enter_depths_hoard, layout_long_grid, chequers_decorated_corner
Temple:   hc_temple_tempest_star
Lair:1:   layout_roguey [special_room_bee], minivault_24, beast_lair_carwin_5,
          lemuel_fruit_tree, minmay_lair_oklob_chamber, serial_bayou_shore_b,
          grunt_megastairs_5
Lair:2:   layout_hall_layers, guppyfry_snake_entry_island
Lair:3:   layout_regular_city, minmay_shoals_entry_hut, ldierk_geyser,
          grunt_megastairs_1, infiniplex_staircase_pool_2
Lair:4:   layout_cave_pods, infiniplex_staircase_pool
Lair:5:   layout_hall_layers, slime_altar_1, gammafunk_ghost_necromancy,
          beast_lair_carwin_2, grunt_megastairs_2, lemuel_fruit_fields,
          serial_bayou_shore_a, lemuel_fruit_fields, uniq_sonja
Snake:1:  layout_basic
Snake:2:  layout_misc_corridors, nicolae_snake_snakes_in_the_grass,
          minmay_shop_grove, serial_bayou_shore_b
Snake:3:  layout_chambers, grunt_megastairs_3
Orc:1:    layout_diamond_mine, serial_shops, nicolae_shop_statue_plus, shop,
          shop_statue, nicolae_shop_temple_entry_statues_fountains
Orc:2:    kennysheep_orc_mage_school, layout_caves, basic_altar

Skill      XL: |  1  2  3  4  5  6  7  8  9 10 11 12 13 14 15 16 |
---------------+-------------------------------------------------+-----
Maces & Flails | 3 4 5 6 7 8 9 11 12 14 18 19 20 21 | 21.2
Fighting       | 4 5 6 8 10 11 12 13 15 | 15.6
Armour         | 4 5 6 8 10 11 12 13 15 | 15.6
Shields        | 4 5 6 8 10 11 12 13 15 | 15.7

Action                   |  1- 3 |  4- 6 |  7- 9 | 10-12 | 13-15 | 16-18 || total
-------------------------+-------+-------+-------+-------+-------+-------++-------
Melee: Flail             |    88 |   156 |   372 |   729 |    22 |       ||  1367
       Headbutt          |    13 |    23 |    61 |   177 |   276 |    56 ||   606
       Morningstar       |       |       |       |       |  1008 |   191 ||  1199
Invok: Call Merchant     |       |       |       |     2 |     4 |     1 ||     7
  Use: Scroll            |       |     9 |     4 |     7 |     6 |     4 ||    30
       Potion            |       |     4 |     2 |     1 |     1 |     4 ||    12
 Stab: Distracted        |       |       |     1 |     4 |    13 |       ||    18
       Petrified         |       |       |       |     5 |       |       ||     5
       Petrifying        |       |       |       |     1 |       |       ||     1
Armor: Scale mail        |    40 |    84 |    43 |       |       |       ||   167
       Plate armour      |       |       |   168 |   375 |   459 |    49 ||  1051
Dodge: Dodged            |    27 |    40 |   101 |   153 |   193 |    16 ||   530
Block: Kite shield       |    41 |    60 |   201 |   390 |   427 |       ||  1119
       Tower shield      |       |       |       |       |   232 |   195 ||   427

Table legend: (Time is in decaauts)
 A = Elapsed time spent in this place.
 B = Non-inter-level travel time spent in this place.
 C = Inter-level travel time spent in this place.
 D = Time resting spent in this place.
 E = Time spent auto-exploring this place.
 F = Levels seen in this place.
 G = Mean time per level.
                   A        B        C        D        E       F      G
               +--------+--------+--------+--------+--------+-----+--------+
         Total |  34748 |  33480 |   1268 |   9115 |  18213 |  28 | 1241.0 |
       Dungeon |  20973 |  20292 |    681 |   4769 |  11973 |  15 | 1398.2 |
        Temple |    354 |    296 |     58 |      0 |    278 |   1 |  354.0 |
          Lair |   8248 |   7920 |    328 |   3414 |   3251 |   5 | 1649.6 |
     Snake Pit |   2822 |   2747 |     75 |    668 |   1600 |   3 |  940.7 |
  Orcish Mines |   1488 |   1364 |    124 |    127 |    844 |   2 |  744.0 |
         Sewer |    604 |    604 |      0 |    137 |    242 |   1 |  604.0 |
      Gauntlet |    255 |    255 |      0 |      0 |     23 |   1 |  255.0 |
               +--------+--------+--------+--------+--------+-----+--------+

Top non-repeatable levels by time:
    D:11: 2647 daAuts
    D:13: 2590 daAuts
  Lair:1: 2345 daAuts
  Lair:3: 2035 daAuts
  Lair:2: 2012 daAuts
     D:9: 1892 daAuts
     D:7: 1731 daAuts
     D:8: 1656 daAuts
    D:15: 1588 daAuts
  Lair:4: 1516 daAuts
 Snake:1: 1494 daAuts
   Orc:2: 1388 daAuts
 Snake:2: 1283 daAuts
    D:14: 1246 daAuts
    D:12: 1083 daAuts
